 Dungeon Crawl Stone Soup version 0.29-a0-821-g66395355a5 (webtiles) character file.

Game seed: 4242489441893500633

223 xian the Conjurer (level 6, -3/37 HPs)
             Began as an Octopode Conjurer on July 7, 2022.
             Slain by Edmund
             ... wielding a +1 dire flail of holy wrath
              (16 damage)
             ... on level 4 of the Dungeon.
             The game lasted 00:08:24 (4246 turns).

xian the Conjurer (Octopode Conjurer)               Turns: 4246, Time: 00:08:25

Health: -3/37      AC:  1    Str:  6    XL:     6   Next: 0%
Magic:  1/10       EV: 13    Int: 22    God:
Gold:   179        SH:  0    Dex: 11    Spells: 3/10 levels left

rFire   . . .      SeeInvis .   k - +2 whip (drain)
rCold   . . .      Faith    .   (no shield)
rNeg    . . .      Spirit   .   (helmet restricted)
rPois   .          Reflect  .   (no amulet)
rElec   .          Harm     .   (no ring)
rCorr   .          Rampage  .   (no ring)
Will    .....                   (no ring)
Stlth   +++.......              (no ring)
HPRegen 0.12/turn               (no ring)
MPRegen 0.12/turn               (no ring)
                                (no ring)
                                (no ring)

@: no status effects
A: almost no armour, amphibious, 8 rings, camouflage 1, gelatinous body 1,
(nimble swimmer 1), tentacles
a: no special abilities


You were on level 4 of the Dungeon.
You visited 1 branch of the dungeon, and saw 4 of its levels.

You collected 179 gold pieces.

Inventory:

Hand Weapons
 k - a +2 whip of draining (weapon)
Wands
 d - a wand of acid (6)
Scrolls
 b - a scroll of fear
 c - 2 scrolls of teleportation
 i - 2 scrolls of immolation
 j - a scroll of enchant armour
 l - a scroll of identify
Potions
 a - a potion of magic
 e - a potion of flight
 f - 2 potions of brilliance
 g - a potion of attraction


   Skills:
 + Level 0.5 Fighting
 + Level 0.1 Maces & Flails
 + Level 2.5 Dodging
 + Level 3.9 Stealth
 + Level 2.8 Spellcasting
 + Level 5.9 Conjurations


You had 3 spell levels left.
You knew the following spells:

 Your Spells              Type           Power      Damage    Failure   Level
a - Magic Dart            Conj           100%       1d8       1%          1
b - Searing Ray           Conj           58%        2d6       1%          2
c - Iskenderun's Mystic   Conj/Tloc      16%        2d5       36%         4

Your spell library contained the following spells:

 Spells                   Type           Power      Damage    Failure   Level
 Dazzling Flash           Conj/Hex       32%        N/A       11%         3
 Poisonous Vapours        Pois/Air       6%         N/A       19%         2
 Fulminant Prism          Conj/Hex       8%         3d7       36%         4
 Corpse Rot               Necr/Pois/Air  3%         N/A       77%         4


Dungeon Overview and Level Annotations

Branches:
Dungeon (4/15)
 Temple: D:4-7

Altars:

Shops:
D:3 ([

Annotations:
D:4 Edmund


Innate Abilities, Weirdness & Mutations

You cannot wear most types of armour.
You are amphibious.
You can wear up to eight rings at the same time.
Your skin changes colour to match your surroundings (Stealth+).
Your rubbery body absorbs attacks. (AC +1, EV +1)
((You are camouflaged when in or above water. (Stealth+)))
You have tentacles for arms and can constrict up to eight enemies at once.


Message History

The searing ray hits Edmund.
Edmund is heavily wounded.
Edmund hits you with a +1 dire flail of holy wrath!
The searing ray hits Edmund.
Edmund is heavily wounded.
You finish channelling your searing ray.
Edmund says, "I'm quite good with sums, too."
Edmund barely misses you.
Casting: Searing Ray (safe; 1% risk of failure)
Confirm with . or Enter, or press ? or * to list all spells.
Aiming: Searing Ray (safe; 1% risk of failure)
Press: ? - help, Shift-Dir - straight line, f/p - Edmund
Aim: Edmund, wielding a +1 dire flail of holy wrath and wearing a +0 ring mail (heavily wounded, 82% to hit)
The searing ray hits Edmund but does no damage.
Edmund is heavily wounded. (Press . to maintain the ray.) Edmund hits you with a +1 dire flail of holy wrath!
The searing ray hits Edmund.
Edmund is heavily wounded.
Edmund closely misses you.
The searing ray hits Edmund.
Edmund is heavily wounded.
Edmund hits you with a +1 dire flail of holy wrath!
* * * LOW HITPOINT WARNING * * *
The searing ray hits Edmund.
Edmund is severely wounded.
You finish channelling your searing ray.
Edmund hits you with a +1 dire flail of holy wrath!
* * * LOW HITPOINT WARNING * * *
Casting: Searing Ray (safe; 1% risk of failure)
Confirm with . or Enter, or press ? or * to list all spells.
You don't have enough magic to cast this spell.
Unknown command.
You feel much better.
Edmund hits you with a +1 dire flail of holy wrath!
You closely miss Edmund. You grab Edmund. You tentacle-slap Edmund.
Edmund is severely wounded.
You constrict Edmund, but do no damage.
Edmund hits you with a +1 dire flail of holy wrath!
You die...

##+## ###### #....
.....# #.... .....## #
#.... .....##.####....
## ..#.#.#.#.#....@#.#
...#.#.#.#.#.#+#@#
..#.#.#.#.#.#.#.#.#
##.#.#.#.#.#.#.#.#.#
###.#.#.#.#.#.#.#.#.#
##.#.#.#.#.#.#.#.#.#.#
###.#.#.#.#.#.#.#†#.#.#
#..#.#.#.#.#.#.#.#.#.#.#
#.#.#.#.#.#.#.#.#.#.#.#.
#..#.#.#.#.#.#.#.#.#.#.


You could see Edmund.

Vanquished Creatures
  A kobold brigand (D:3)
  A hound (D:4)
  An orc wizard (D:3)
  4 adders
  4 orcs (D:3)
  3 bats
  4 endoplasms
  3 giant cockroaches
  7 goblins
  6 hobgoblins
  4 jackals (D:1)
  2 quokkas
  7 ball pythons
  3 frilled lizards (D:1)
  8 kobolds
  3 rats
61 creatures vanquished.

Notes
Turn   | Place    | Note
-------+----------+-------------------------------------------
     0 | D:1      | xian the Octopode Conjurer began the quest for the Orb.
     0 | D:1      | Reached XP level 1. HP: 11/11 MP: 3/3
   267 | D:1      | Reached XP level 2. HP: 9/17 MP: 1/5
   281 | D:1      | Learned a level 2 spell: Searing Ray
  1284 | D:1      | Found a faded altar of an unknown god.
  1393 | D:1      | Reached XP level 3. HP: 16/21 MP: 1/6
  2442 | D:3      | Found Nitsabyamo's Armour Shop.
  2449 | D:3      | Reached skill level 5 in Conjurations
  2459 | D:3      | Reached XP level 4. HP: 9/27 MP: 2/7
  2715 | D:3      | Found Gezohiu's Weapon Boutique.
  3351 | D:3      | Noticed a kobold brigand
  3356 | D:3      | Killed a kobold brigand
  3357 | D:3      | Reached XP level 5. HP: 32/32 MP: 2/9
  3932 | D:3      | Learned a level 4 spell: Iskenderun's Mystic Blast
  4198 | D:4      | Reached XP level 6. HP: 37/37 MP: 5/10
  4236 | D:4      | Noticed Edmund
  4244 | D:4      | HP: 1/37 [Edmund/+1 dire flail of holy wrath (7)]
  4246 | D:4      | Slain by Edmund

Illustrated notes

Levels and vault maps discovered:
D:1:      sevenhm_arrival_forest_fort_large_2, layout_basic,
          basic_ecumenical_altar
D:2:      layout_rooms, minmay_domino_2
D:3:      layout_basic, serial_shops, nicolae_shop_advertising_works
          [nicolae_subvault_shop_adworks], nicolae_shop_trees
D:4:      layout_basic, mainiacjoe_overflow_surrounded_room, uniq_edmund

Skill      XL: |  1  2  3 |
---------------+----------+-----
Stealth        | 3 |  3.9
Conjurations   | 5 |  5.9
Fighting       | |  0.5
Maces & Flails | |  0.1
Dodging        | |  2.5
Spellcasting   | |  2.8

Action                   |  1- 3 |  4- 6 || total
-------------------------+-------+-------++-------
Melee: Whip              |    15 |     2 ||    17
       Tentacles         |     5 |     1 ||     6
       Constrict         |     3 |     2 ||     5
       Punch             |       |     1 ||     1
 Cast: Magic Dart        |    61 |    41 ||   102
       Searing Ray       |     2 |     5 ||     7
  Use: Scroll            |    10 |     2 ||    12
       Potion            |       |     1 ||     1
Armor: Skin              |     3 |       ||     3
Dodge: Dodged            |    11 |     5 ||    16

Table legend: (Time is in decaauts)
 A = Elapsed time spent in this place.
 B = Non-inter-level travel time spent in this place.
 C = Inter-level travel time spent in this place.
 D = Time resting spent in this place.
 E = Time spent auto-exploring this place.
 F = Levels seen in this place.
 G = Mean time per level.
                   A        B        C        D        E       F      G
               +--------+--------+--------+--------+--------+-----+--------+
         Total |   4245 |   4100 |    145 |     46 |   3725 |   4 | 1061.2 |
       Dungeon |   4245 |   4100 |    145 |     46 |   3725 |   4 | 1061.2 |
               +--------+--------+--------+--------+--------+-----+--------+

Top non-repeatable levels by time:
     D:1: 1745 daAuts
     D:3: 1615 daAuts
     D:2: 571 daAuts
     D:4: 312 daAuts
